 Dungeon Crawl Stone Soup version 0.27.0-1-g7a089689b8 (webtiles) character file.

Game seed: 1971305550616652901

45 Spaninq the Twirler (level 3, 28/28 HPs)
             Began as a Demonspawn Gladiator on Aug 12, 2021.
             Was a Plaything of Xom.
             Quit the game on level 2 of the Dungeon.
             The game lasted 00:02:44 (936 turns).

Spaninq the Twirler (Demonspawn Gladiator)           Turns: 936, Time: 00:02:44

Health: 28/28      AC:  6    Str: 15    XL:     3   Next: 42%
Magic:  3/3        EV: 11    Int:  9    God:    Xom [......]
Gold:   48         SH:  0    Dex: 14    Spells: 2/2 levels left

rFire    . . .     SeeInvis .   a - +0 quarterstaff
rCold    . . .     Faith    .   (shield currently unavailable)
rNeg     . . .     Spirit   .   e - +0 ring mail
rPois    .         Reflect  .   c - +0 helmet
rElec    .         Harm     .   (no cloak)
rCorr    .         Rampage  .   (no gloves)
Will     .....                  (no boots)
Stlth    +.........             (no amulet)
HPRegen  0.09/turn              (no ring)
MPRegen  0.08/turn              (no ring)

@: no status effects
A: powered by death 1
a: Renounce Religion


You were on level 2 of the Dungeon.
You worshipped Xom.
You were a very special plaything of Xom.
You visited 1 branch of the dungeon, and saw 2 of its levels.

You collected 48 gold pieces.

Inventory:

Hand Weapons
 a - a +0 quarterstaff (weapon)
Missiles
 d - 3 throwing nets (quivered)
Armour
 c - a +0 helmet (worn)
 e - a +0 ring mail (worn)
Scrolls
 b - a scroll of enchant armour {unknown}
 f - 4 scrolls of identify {unknown}
 g - a scroll of blinking {unknown}
 h - a scroll of enchant weapon {unknown}
 j - a scroll of fear {unknown}
 l - a scroll of brand weapon {unknown}
 o - a scroll of immolation {unknown}
Potions
 i - 2 potions of heal wounds {unknown}
 k - a potion of curing {unknown}
 m - a potion of lignification {unknown}
 n - 2 potions of might {unknown}


   Skills:
 + Level 2.9 Fighting
 + Level 3.4 Staves
 - Level 1.7 Throwing
 + Level 0.3 Armour
 + Level 2.7 Dodging


You had 2 spell levels left.
You didn't know any spells.
Your spell library was empty.

Dungeon Overview and Level Annotations

Branches:
Dungeon (2/15)

Altars:
Xom


Innate Abilities, Weirdness & Mutations

You regenerate a little health from kills.


Message History

There is a dry fountain here.
There is a faded altar of an unknown god here.
You cannot tell which god this altar belongs to.
Convert to them anyway?
Xom accepts your prayer! Xom welcomes you!
Xom is very intrigued!
There is a dry fountain here.
There is a stone staircase leading up here.
You climb upwards.
There is a stone staircase leading down here.
HP restored.
Done exploring.
You are now a very special plaything of Xom.
There is an escape hatch in the floor here.
You slide downwards.
The hatch slams shut behind you.
Found a stone staircase leading up.
A rat comes into view.
Found a stone staircase leading down.
The rat misses you.
You hit the rat.
You kill the rat!
You see here a rat corpse.
You open the door.
A goblin comes into view. It is wielding a +0 club.
The goblin shouts!
The goblin misses you.
There is an open door here.
Your ring mail prevents you from hitting the goblin.
The goblin hits you but does no damage.
You completely miss the goblin. The goblin hits you but does no damage.
You closely miss the goblin. The goblin hits you but does no damage.
You barely miss the goblin. The goblin completely misses you.
You closely miss the goblin. The goblin closely misses you.
You sock the goblin!
You kill the goblin!
You see here a +0 club.
You open the door.
There is an open door here.
Found 18 stones.
Are you sure you want to abandon this character and quit the game? (Confirm with "yes".)

....#####.....# #....
###.........#.# ....
......##....#.# #...
###.#.##....#.# ..(
............#.# ..
#####.####...#.# #.
#............#..
#.##.####.#######..
#.@.....#.# ##.....
###....#.#.# #......
............# #......
#.........### #......
#...##⌠...⌠#####.#.##
#...##.........#.#...
.......⌠._..###.#.###.
###.........# #.#.###.
#......⌠..# #.#...#.


There were no monsters in sight!

Vanquished Creatures
  A dart slug (D:1)
  3 orcs (D:2)
  8 endoplasms
  2 giant cockroaches (D:2)
  5 goblins
  5 hobgoblins (D:1)
  5 ball pythons
  2 bats (D:1)
  2 kobolds
  2 rats
35 creatures vanquished.

Notes
Turn   | Place    | Note
-------+----------+-------------------------------------------
     0 | D:1      | Spaninq the Demonspawn Gladiator began the quest for the
                  | Orb.
     0 | D:1      | Reached XP level 1. HP: 16/16 MP: 1/1
   107 | D:1      | Reached skill level 3 in Staves
   107 | D:1      | Gained mutation: You regenerate a little health from kills.
                  | [demonic ancestry]
   107 | D:1      | Reached XP level 2. HP: 12/23 MP: 2/2
   519 | D:1      | Reached XP level 3. HP: 28/28 MP: 3/3
   731 | D:2      | Found a faded altar of an unknown god.
   769 | D:2      | Became a worshipper of Xom of Malicious Giggling
   936 | D:2      | Quit the game

Illustrated notes

Levels and vault maps discovered:
D:1:      lemuel_arrival_broad_hall, layout_rooms
D:2:      layout_basic, hellmonk_ecumenical_altar_run_dry

Skill      XL: |  1 |
---------------+----+-----
Staves         | 3 |  3.4
Fighting       | |  2.9
Throwing       | |  1.7
Armour         | |  0.3
Dodging        | |  2.7

Action                   || total
-------------------------++-------
Melee: Quarterstaff      ||    79
Armor: Ring mail         ||    26
Dodge: Dodged            ||    64
